 Dungeon Sprint DCSS version 0.30-a0-469-g84de5afbc5 (webtiles) character file.

Game seed: 1159334230666379818

1100000 NinjaNoafa the Spry (level 15, -61/125 HPs)
             Began as a Djinni Warper on Dec 20, 2022.
             Annihilated by a meat berserker
             ... wielding a +9 battleaxe
              (90 damage)
             ... in the Dungeon (Sprint VIII: "Arena of Blood").
             The game lasted 00:00:33 (11 turns).

NinjaNoafa the Spry (Djinni Warper)                   Turns: 11, Time: 00:00:34

Health: -61/125    AC:  5    Str: 10    XL:     15   Next: 42%
Gold:   0          EV: 24    Int: 17    God:
                   SH:  0    Dex: 18

rFire   + + .      SeeInvis .    i - +∞ Axe of Woe
rCold   x . .      Faith    .    (shield currently unavailable)
rNeg    . . .      Spirit   .    b - +0 leather armour
rPois   ∞          Reflect  .    (no helmet)
rElec   .          Harm     .    (no cloak)
rCorr   .          Rampage  .    (no gloves)
Will    +....      NoTele   +    (boots unavailable)
Stlth   +.........               (no amulet)
HPRegen 0.40/turn                (no ring)
MPRegen 0.00/turn                (no ring)

@: flying
A: sickness immunity, fire resistance 2, cold vulnerability 1, float, innate
caster, HP casting, extra vitality 1
a: no special abilities


You were in the Dungeon.
You visited 1 branch

Inventory:

Hand Weapons
 a - a +0 hand axe
 i - the +∞ Axe of Woe (weapon)
   (You found it in the Dungeon)
Missiles
 d - 7 boomerangs of dispersal (quivered)
Armour
 b - a +0 leather armour (worn)
Potions
 e - a potion of curing
 f - a potion of heal wounds
 g - a potion of haste
 h - a potion of berserk rage


   Skills:
 + Level 17.7 Fighting
 + Level 15.1 Axes
 + Level 15.1 Throwing
 + Level 17.6 Armour
 + Level 19.2 Dodging
 + Level 13.9 Spellcasting


You had 2 spell levels left.
You knew the following spells:

 Your Spells              Type           Power      Damage    Failure   Level
a - Blink                 Tloc           100%       N/A       1%          2
b - Lesser Beckoning      Tloc           100%       N/A       1%          3
c - Vhi's Electric Charg  Tloc/Air       100%       N/A       1%          3
d - Teleport Other        Tloc           56%        N/A       1%          3
e - Manifold Assault      Tloc           56%        N/A       1%          4
f - Freeze                Ice            100%       1d10      1%          1
g - Passwall              Tmut/Erth      46%        N/A       1%          2
h - Scorch                Fire           100%       2d10      1%          2
i - Ignite Poison         Fire/Tmut/Pois 56%        N/A       1%          3
j - Blade Hands           Tmut           28%        N/A       1%          5
k - Lightning Bolt        Conj/Air       28%        1d44      1%          5
l - Starburst             Conj/Fire      28%        6d9       3%          6
Your spell library was empty.

Dungeon Overview and Level Annotations

Branches:
Dungeon (1/1)

Altars:
Makhleb


Innate Abilities, Weirdness & Mutations

You are immune to sickness and miasma.
You are immune to poison.
Your flesh is very heat resistant. (rF++)
You are vulnerable to cold. (rC-)
You float through the air rather than walking.
You learn spells naturally, not from books.
Your magical power is your life essence.
You have superior vitality. (+4 MHP)


Message History

You kill the meat berserker!
You hit the bag of meat but do no damage.
You fatally mangle the bag of meat.
You kill the bag of meat!
You slash the meat berserker!
You cleave the meat berserker in twain.
You kill the meat berserker!
You hear a shout! x7
The meat berserker rages.
You hear a shout!
Your Fighting skill gained 3 levels and is now at level 17!
Your Axes skill gained 3 levels and is now at level 15!
Your Throwing skill gained 3 levels and is now at level 15!
Your Armour skill gained 3 levels and is now at level 17!
Your Dodging skill gained 4 levels and is now at level 19!
Your Spellcasting skill gained 2 levels and is now at level 13!
You have reached level 14!
You have reached level 15!
Your experience leads to an increase in your attributes!
Increase (S)trength, (I)ntelligence, or (D)exterity?
You feel agile. x2
The power to cast Starburst wells up from within.
Spell assigned to 'l'.
Cast which spell? (? or * to list)
Aiming: Lightning Bolt (mildly dangerous; 1% risk of failure)
Press: ? - help, Shift-Dir - straight line, f - meat berserker
Aim: a meat berserker, wielding a +9 battleaxe and wearing a +30 ring of slaying (berserk, 83% to hit)
The bolt of lightning hits the bag of meat!!
The bag of meat is lightly wounded.
The bolt of lightning hits the meat berserker!!
The meat berserker is lightly wounded.
* * * LOW HITPOINT WARNING * * *
The meat berserker appears out of thin air!
A meat berserker comes into view. It is wielding a +9 battleaxe.
You hear a shout! x21
You slice the bag of meat!!
You slaughter the bag of meat joyfully.
You kill the bag of meat!
You hear a shout! x5
The meat berserker hits you with a +9 battleaxe!!!!
Ouch! That really hurt!
You die...

..... .. #... .#
. #... ..#
..###... ..###.
......###......
#......OO@)......
......#.))..#....
......#_.oO_# .
......#.....# .
.....O._......
.....o###......
..###.......###.
. #...o...#
#)......#


You could see 4 meat berserkers and 2 bags of meat.

Vanquished Creatures
  3 ogres (D)
  4 orcs (D)
7 creatures vanquished.

Notes
Turn   | Place    | Note
-------+----------+-------------------------------------------
     0 | D        | Found the +∞ Axe of Woe
     0 | D        | NinjaNoafa the Djinni Warper began the quest for the Orb.
     0 | D        | NinjaNoafa set off with the following spells memorised:
                  | Blink, Lesser Beckoning, Vhi's Electric Charge, Teleport
                  | Other, Manifold Assault.
     0 | D        | Reached XP level 1. HP: 18/18 MP: 0/0
     3 | D        | Noticed a meat berserker
     3 | D        | Noticed a bag of meat
     4 | D        | Noticed a bag of meat
     5 | D        | Noticed a meat berserker
     5 | D        | Killed a bag of meat
     5 | D        | Noticed a meat berserker
     5 | D        | Noticed a meat berserker
     5 | D        | Noticed a bag of meat
     5 | D        | Noticed a bag of meat
     5 | D        | Noticed a bag of meat
     6 | D        | Reached skill level 10 in Armour
     6 | D        | Reached skill level 12 in Dodging
     6 | D        | Reached XP level 2. HP: 37/37 MP: 0/0
     6 | D        | Reached XP level 3. HP: 42/42 MP: 0/0
     6 | D        | Learned a level 1 spell: Freeze
     6 | D        | Reached XP level 4. HP: 49/49 MP: 0/0
     6 | D        | Reached XP level 5. HP: 53/53 MP: 0/0
     6 | D        | Learned a level 2 spell: Passwall
     6 | D        | Reached XP level 6. HP: 59/59 MP: 0/0
     6 | D        | Reached XP level 7. HP: 65/65 MP: 0/0
     6 | D        | Learned a level 2 spell: Scorch
     6 | D        | Reached XP level 8. HP: 71/71 MP: 0/0
     6 | D        | Reached XP level 9. HP: 76/76 MP: 0/0
     6 | D        | Learned a level 3 spell: Ignite Poison
     6 | D        | Reached XP level 10. HP: 82/82 MP: 0/0
     6 | D        | Reached XP level 11. HP: 87/87 MP: 0/0
     6 | D        | Learned a level 5 spell: Blade Hands
     6 | D        | Noticed a bag of meat
     7 | D        | Killed a bag of meat
     7 | D        | Noticed a bag of meat
     7 | D        | Noticed a meat berserker
     8 | D        | Reached skill level 10 in Axes
     8 | D        | Reached skill level 10 in Throwing
     8 | D        | Reached skill level 13 in Dodging
     8 | D        | Reached skill level 10 in Spellcasting
     8 | D        | Reached XP level 12. HP: 96/96 MP: 0/0
     8 | D        | Killed a meat berserker
     8 | D        | Noticed a bag of meat
     8 | D        | Noticed a meat berserker
     9 | D        | Reached skill level 15 in Dodging
     9 | D        | Reached XP level 13. HP: 28/106 MP: 0/0
     9 | D        | Learned a level 5 spell: Lightning Bolt
     9 | D        | Killed a meat berserker
     9 | D        | Killed a bag of meat
     9 | D        | Killed a meat berserker
    10 | D        | Reached skill level 15 in Axes
    10 | D        | Reached skill level 15 in Throwing
    10 | D        | Reached skill level 19 in Dodging
    10 | D        | Reached XP level 14. HP: 32/120 MP: 0/0
    10 | D        | Reached XP level 15. HP: 33/125 MP: 0/0
    10 | D        | Learned a level 6 spell: Starburst
    11 | D        | Noticed a meat berserker
    11 | D        | Annihilated by a meat berserker

Illustrated notes

Levels and vault maps discovered:
D:        meatsprint

Skill      XL: |  1  2  3  4  5  6  7  8  9 10 11 12 13 |
---------------+----------------------------------------+-----
Fighting       | 11 12 14 17 | 17.7
Axes           | 9 10 12 15 | 15.1
Throwing       | 9 10 12 15 | 15.1
Armour         | 10 12 14 17 | 17.6
Dodging        | 12 13 15 19 | 19.2
Spellcasting   | 8 10 11 13 | 13.9

Action                   |  1- 3 |  4- 6 |  7- 9 | 10-12 | 13-15 || total
-------------------------+-------+-------+-------+-------+-------++-------
Melee: Executioner's axe |     1 |       |       |     2 |     2 ||     5
 Cast: Lightning Bolt    |       |       |       |       |     1 ||     1
  Use: Scroll            |     1 |       |       |     1 |       ||     2
Dodge: Dodged            |       |       |       |     1 |       ||     1

Table legend: (Time is in decaauts)
 A = Elapsed time spent in this place.
 B = Non-inter-level travel time spent in this place.
 C = Inter-level travel time spent in this place.
 D = Time resting spent in this place.
 E = Time spent auto-exploring this place.
 F = Levels seen in this place.
 G = Mean time per level.
                   A        B        C        D        E       F      G
               +--------+--------+--------+--------+--------+-----+--------+
         Total |     12 |     12 |      0 |      0 |      0 |   1 |   12.0 |
       Dungeon |     12 |     12 |      0 |      0 |      0 |   1 |   12.0 |
               +--------+--------+--------+--------+--------+-----+--------+

Top non-repeatable levels by time:
       D: 12 daAuts
